 Dungeon Crawl Stone Soup version 0.28.0-53-g5a82cb258f (webtiles) character file.

Game seed: 2384535286587967988

7441 DemonSlayer the Thaumaturge (level 10, -6/70 HPs)
             Began as a Demonspawn Fire Elementalist on July 23, 2022.
             Was a Follower of Cheibriados.
             Mangled by a yak (15 damage)
             ... on level 8 of the Dungeon.
             The game lasted 00:29:34 (12799 turns).

DemonSlayer the Thaumaturge (DsFE)                 Turns: 12799, Time: 00:29:35

Health: -6/70      AC:  6    Str: 11    XL:     10   Next: 93%
Magic:  19/23      EV: 28    Int: 24    God:    Cheibriados [*.....]
Gold:   379        SH:  4    Dex: 17    Spells: 5/28 levels left

rFire   + . .      SeeInvis .   z - +1 eveningstar
rCold   . . .      Faith    .   (no shield)
rNeg    . . .      Spirit   .   a - +0 robe
rPois   .          Reflect  .   w - +0 helmet
rElec   .          Harm     .   (no cloak)
rCorr   +          Rampage  .   A - +0 pair of gloves
Will    .....                   (no boots)
Stlth   ++........              s - amulet of the acrobat
HPRegen 0.21/turn               c - ring of protection from fire
MPRegen 0.18/turn               l - ring of resist corrosion

@: about to teleport, acrobatic, very slow
A: molten scales 1, spiny 2, condensation shield, weakness stinger 2
a: Renounce Religion, Bend Time


You were on level 8 of the Dungeon.
You worshipped Cheibriados.
Cheibriados was aware of your devotion.
You visited 2 branches of the dungeon, and saw 10 of its levels.

You collected 379 gold pieces.

Inventory:

Hand Weapons
 z - a +1 eveningstar (weapon)
Missiles
 h - 130 sling bullets
 q - a throwing net
Armour
 a - a +0 robe (worn)
 e - +0 swamp dragon scales
 u - the +5 chain mail "Ubifapru" {rPois rF+ Str+3 Dex-5}
   (You took it off an orc on level 8 of the Dungeon)

   Str:       It affects your strength (+3).
   Dex:       It affects your dexterity (-5).
   rF:        It protects you from fire.
   rPois:     It protects you from poison.
 w - a +0 helmet (worn)
 A - a +0 pair of gloves (worn)
Magical Staves
 o - a staff of fire
Jewellery
 b - a ring of see invisible
 c - a ring of protection from fire (left hand)
 l - a ring of resist corrosion (right hand)
 n - an amulet of reflection
 s - an amulet of the acrobat (around neck)
Wands
 d - a wand of paralysis (6)
 i - a wand of charming (12)
Scrolls
 f - a scroll of magic mapping {unknown}
 g - a scroll of enchant weapon
 j - a scroll of immolation
 m - 2 scrolls of identify
Potions
 k - a potion of brilliance
 t - a potion of magic {unknown}


   Skills:
 + Level 3.1 Fighting
 + Level 0.4 Short Blades
 + Level 3.5 Maces & Flails
 + Level 0.2 Throwing
 + Level 3.7 Dodging
 + Level 3.3 Stealth
 + Level 1.5 Shields
 + Level 9.8 Spellcasting
 + Level 3.5 Conjurations
 + Level 1.8 Summonings
 + Level 0.2 Translocations
 + Level 9.7 Fire Magic
 + Level 0.6 Evocations


You had 5 spell levels left.
You knew the following spells:

 Your Spells              Type           Power      Damage    Failure   Level
a - Foxfire               Conj/Fire      100%       2x1d9     1%          1
b - Scorch                Fire           100%       2d10      1%          2
c - Blink                 Tloc           26%        N/A       8%          2
d - Conjure Flame         Conj/Fire      43%        6-21      1%          3
e - Call Canine Familiar  Summ           20%        N/A       8%          3
f - Leda's Liquefaction   Hex/Erth       5%         N/A       47%         4
g - Flame Wave            Conj/Fire      43%        2d9       3%          4
h - Dispel Undead         Necr           11%        3d9       47%         4

Your spell library contained the following spells:

 Spells                   Type           Power      Damage    Failure   Level
 Summon Small Mammal      Summ           80%        N/A       2%          1
 Inner Flame              Hex/Fire       35%        N/A       2%          3
 Apportation              Tloc           26%        N/A       4%          1
 Animate Skeleton         Necr           22%        N/A       5%          1
 Corpse Rot               Necr/Air       22%        N/A       9%          2
 Portal Projectile        Hex/Tloc       24%        N/A       16%         3
 Death Channel            Necr           5%         N/A       100%        6


Dungeon Overview and Level Annotations

Branches:
Dungeon (9/15)             Temple (1/1) D:7
   Lair: D:8-11         Orc: D:9-12

Altars:
Ashenzari
Cheibriados
Elyvilon
Fedhas
Gozag
Hepliaklqana
Kikubaaqudgha
Makhleb
Nemelex Xobeh
Okawaru
Qazlal
Ru
Sif Muna
Uskayaw
Vehumet
Wu Jian
Xom
Yredelemnul
Zin
The Shining One


Innate Abilities, Weirdness & Mutations

You are partially covered in molten scales. (AC +2)
You are mostly covered in sharp spines.
A meltable shield of frost defends you. (SH +4)
You have a tail ending in a sharp stinger.


Message History

You are poisoned.
The water moccasin poisons you! The water moccasin closely misses you.
You feel very sick.
The water moccasin completely misses you.
The yak is struck by your spines. The yak barely misses you.
Items here: ))) [ †.
A wave of flame ripples out!
The flame wave engulfs the water moccasin!
The water moccasin is severely wounded.
The flame wave engulfs the yak.
The yak is moderately wounded. (Press . to intensify the flame waves.)
You feel sick.
You hear a shout!
You hear an angry buzzing noise.
The water moccasin bites you.
You are more poisoned.
The water moccasin poisons you! The yak gores you!
The water moccasin is struck by your spines.
The water moccasin bites you!
You feel better.
The water moccasin is struck by your spines.
You kill the water moccasin!
Cheibriados thoroughly appreciates the change of pace.
The yak is struck by your spines. The yak gores you but does no damage.
The orc warrior shouts!
The yak is struck by your spines. The yak barely misses you.
The orc warrior closely misses you.
There is a stone staircase leading up, spattered with blood here.
The orc warrior misses you. The yak gores you!
* * * LOW HITPOINT WARNING * * *
You climb upwards.
There is a stone staircase leading down, spattered with blood here.
As you read the scroll of teleportation, it crumbles to dust.
You feel strangely unstable.
The orc warrior is struck by your spines.
The orc warrior hits you with a +0 mace!
* * * LOW HITPOINT WARNING * * *
The yak barely misses you. The yak is struck by your spines. The yak gores you!
You die...

......########.#.#.##############
#####.# #.#.#.#.#........... #.#
#.#.#.....########.. #.#
#.#.#)....##### #.# #.#
#.#)..........# #.# #####.#
#.#..[......#.# #.# ......#
#.............####.# ......#
##.............##.... ......#
#...@...........#....
......########..oY.........##....
......'.....................)...#
......##########.........######.#
......# ##.......#########
......# ##............... ......#
#....########### ......# #.#.##
####### ########.###


You could see a yak and an orc warrior.

Vanquished Creatures
  Harold (D:8)
  A two-headed ogre (D:8)
  Pikel (D:6)
  Joseph (D:8)
  Maggie (D:6)
  Prince Ribbit (D:7)
  A vampire (D:6)
  2 wyverns (D:8)
  4 yaks
  Eustachio (D:6)
  An acid dragon (D:6)
  6 water moccasins
  2 sky beasts
  3 orc warriors
  A necrophage (D:8)
  An ogre (D:5)
  A lemure (D:6)
  A kobold brigand (D:3)
  4 bullfrogs
  A wyvern zombie (D:8)
  3 scorpions
  A wyvern skeleton (D:6)
  15 wights
  3 centaur zombies
  2 bullfrog zombies
  4 hounds
  3 jellies
  A gnoll shaman (D:4)
  3 orc priests
  4 iguanas
  A centaur skeleton (D:7)
  Jessica (D:2)
  An orc wizard (D:8)
  7 gnolls
  2 howler monkey skeletons
  8 adders
  2 white imps (D:7)
  2 dart slugs (D:3)
  25 orcs
  A ball python (D:3)
  5 endoplasms
  3 giant cockroaches (D:3)
  6 goblins
  4 hobgoblins
  3 jackals (D:3)
  8 kobolds
  7 quokkas
  5 bats
  A frilled lizard (D:3)
  4 rats
170 creatures vanquished.

Vanquished Creatures (collateral kills)
  13 foxfires (D:3)
13 creatures vanquished.

Vanquished Creatures (others)
  295 foxfires
  47 fungi (D:9)
  65 plants
407 creatures vanquished.

Grand Total: 590 creatures vanquished

Notes
Turn   | Place    | Note
-------+----------+-------------------------------------------
     0 | D:1      | DemonSlayer the Demonspawn Fire Elementalist began the
                  | quest for the Orb.
     0 | D:1      | Reached XP level 1. HP: 13/13 MP: 3/3
   449 | D:1      | Gained mutation: You are partially covered in molten
                  | scales. (AC +2) [demonic ancestry]
   449 | D:1      | Reached XP level 2. HP: 18/19 MP: 0/5
   884 | D:1      | Learned a level 2 spell: Scorch
  1217 | D:2      | Gained mutation: A meltable shield of frost defends you.
                  | (SH +4) [demonic ancestry]
  1217 | D:2      | Reached XP level 3. HP: 24/24 MP: 1/6
  1327 | D:2      | Found a burning altar of Makhleb.
  1477 | D:2      | Noticed Jessica
  1481 | D:2      | Killed Jessica
  1554 | D:2      | Got Jessica's Disquisition on Translocation
  1558 | D:2      | Learned a level 2 spell: Blink
  1612 | D:2      | Found a faded altar of an unknown god.
  1898 | D:2      | Gained mutation: You are partially covered in sharp spines.
                  | [demonic ancestry]
  1898 | D:2      | Reached XP level 4. HP: 30/30 MP: 3/8
  2003 | D:2      | Learned a level 3 spell: Conjure Flame
  2627 | D:3      | Gained mutation: You have a small tail. [demonic ancestry]
  2627 | D:3      | Reached XP level 5. HP: 35/35 MP: 5/9
  3633 | D:3      | Learned a level 3 spell: Call Canine Familiar
  3780 | D:4      | Gained mutation: You have a tail ending in a sharp stinger.
                  | [demonic ancestry]
  3780 | D:4      | Reached XP level 6. HP: 41/41 MP: 6/11
  4741 | D:5      | Entered Level 5 of the Dungeon
  5455 | D:5      | Reached XP level 7. HP: 46/46 MP: 8/14
  5460 | D:5      | Learned a level 4 spell: Leda's Liquefaction
  5549 | D:5      | Reached skill level 5 in Fire Magic
  5553 | D:5      | Reached skill level 5 in Spellcasting
  6533 | D:6      | Noticed Maggie
  6559 | D:6      | Reached skill level 1 in Maces & Flails
  6896 | D:6      | Reached skill level 1 in Fighting
  6936 | D:6      | Killed Maggie
  6937 | D:6      | Reached XP level 8. HP: 33/55 MP: 1/16
  7823 | D:6      | Noticed Eustachio
  7840 | D:6      | Killed Eustachio
  7984 | D:6      | Reached XP level 9. HP: 61/61 MP: 14/19
  8063 | D:6      | Noticed Pikel
  8074 | D:6      | Paralysed by Pikel for 5 turns
  8082 | D:6      | Paralysed by Pikel for 6 turns
  8089 | D:6      | Killed Pikel
  9100 | D:7      | Found a staircase to the Ecumenical Temple.
  9113 | Temple   | Entered the Ecumenical Temple
  9166 | Temple   | Became a worshipper of Cheibriados the Contemplative
  9281 | D:7      | Noticed Prince Ribbit
  9293 | D:7      | Killed Prince Ribbit
  9358 | D:7      | Reached skill level 1 in Shields
 10087 | D:7      | Found an opulent altar of Gozag.
 10137 | D:7      | Learned a level 4 spell: Flame Wave
 10142 | D:7      | Learned a level 4 spell: Dispel Undead
 10376 | D:8      | Gained mutation: You are mostly covered in sharp spines.
                  | [demonic ancestry]
 10376 | D:8      | Reached XP level 10. HP: 68/68 MP: 17/22
 10525 | D:8      | Noticed Joseph
 10538 | D:8      | Killed Joseph
 10538 | D:8      | Reached * piety under Cheibriados
 10740 | D:8      | Noticed a two-headed ogre
 10746 | D:8      | Killed a two-headed ogre
 11192 | D:8      | Identified the +5 chain mail "Ubifapru" {rPois rF+ Str+3
                  | Dex-5}
 11871 | D:9      | Noticed Harold
 12140 | D:8      | Killed Harold
 12141 | D:8      | Reached skill level 1 in Summonings
 12799 | D:8      | Mangled by a yak

Illustrated notes

Levels and vault maps discovered:
D:1:      tarquinn_simple_flora_water_b, layout_loops_ring
D:2:      layout_loops_ring, basic_altar, hellmonk_ecumenical_altar_lost_god,
          minmay_misc_feat_nine_boxes, kennysheep_jessica_study
D:3:      layout_loops_ring, hangedman_feature_mirror, serial_bayou_lagoon_a,
          minmay_cupped
D:4:      layout_basic, hangedman_decor_slide_cut, grunt_decor_cap
D:5:      layout_cave_pods, minivault_5
D:6:      layout_basic, abandoned_shop, uniq_pikel, uniq_maggie, uniq_eustachio
D:7:      layout_gridville, nicolae_gozag_seed_capital,
          minmay_temple_entry_statues_pillars, uniq_prince_ribbit1
D:8:      layout_basic, kennysheep_generic_room_11, uniq_joseph
D:9:      layout_rooms, due_lair_maze_entry_diamond, minmay_misc_feat_rows,
          uniq_harold
Temple:   compressed_dpeg_circular_temple

Skill      XL: |  1  2  3  4  5  6  7  8  9 10 |
---------------+-------------------------------+-----
Fire Magic     | 3 4 5 6 8 9 |  9.7
Dodging        | 2 3 |  3.7
Stealth        | 2 3 |  3.3
Spellcasting   | 3 4 5 7 8 9 |  9.8
Conjurations   | 2 3 |  3.5
Maces & Flails | 2 3 |  3.5
Fighting       | 1 2 3 |  3.1
Shields        | 1 |  1.5
Summonings     | 1 |  1.8
Short Blades   | |  0.4
Throwing       | |  0.2
Translocations | |  0.2
Evocations     | |  0.6

Action                   |  1- 3 |  4- 6 |  7- 9 | 10-12 || total
-------------------------+-------+-------+-------+-------++-------
Melee: Short sword       |    12 |       |       |       ||    12
       Whip              |     7 |    13 |       |       ||    20
       Eveningstar       |       |       |    68 |    22 ||    90
       Tailslap          |       |       |    14 |     9 ||    23
Throw: Dart              |       |       |     3 |     2 ||     5
 Cast: Foxfire           |    56 |   101 |    15 |    23 ||   195
       Scorch            |       |    45 |   121 |    40 ||   206
       Conjure Flame     |       |       |     6 |     1 ||     7
       Blink             |       |       |     2 |       ||     2
       Call Canine Famil |       |       |     1 |     2 ||     3
       Flame Wave        |       |       |       |     1 ||     1
Evoke: Wand              |       |       |       |     5 ||     5
  Use: Scroll            |       |     3 |    12 |     4 ||    19
       Potion            |       |       |     7 |     3 ||    10
 Stab: Sleeping          |     4 |       |     3 |       ||     7
Armor: Robe              |    12 |    10 |    24 |    12 ||    58
Dodge: Dodged            |    14 |    21 |    77 |    61 ||   173
Block: Other             |     3 |     9 |    23 |    10 ||    45
